 Dungeon Crawl Stone Soup version 0.29.1-12-g30fa7ad0bf (webtiles) character file.

Game seed: 13136392902775138975

18057 Lutefisk the Spear-Bearer (level 12, -3/100 HPs)
             Began as a Merfolk Gladiator on Jan 8, 2023.
             Was an Elder of Yredelemnul.
             Slain by a blink frog (5 damage)
             ... while petrified by a basilisk
             ... on level 4 of the Lair of Beasts.
             The game lasted 00:59:21 (6662 turns).

Lutefisk the Spear-Bearer (Merfolk Gladiator)       Turns: 6662, Time: 00:59:22

Health: -3/100     AC: 11    Str: 18    XL:     12   Next: 54%
Magic:  15/15      EV:  2    Int:  7    God:    Yredelemnul [****..]
Gold:   579        SH:  0    Dex: 23    Spells: 11/13 levels left

rFire   + . .      SeeInvis .   C - +4 trident
rCold   . . .      Faith    .   Q - +0 kite shield
rNeg    + + +      Spirit   .   S - +1 scale mail {rF+}
rPois   ∞          Reflect  +   N - +2 helmet
rElec   .          Harm     .   (no cloak)
rCorr   .          Rampage  .   (no gloves)
Will    .....                   (no boots)
Stlth   +.........              h - amulet of reflection
HPRegen 0.26/turn               i - ring of poison resistance
MPRegen 0.14/turn               c - +6 ring of dexterity

@: petrified
A: (nimble swimmer 2), mertail
a: Renounce Religion, Recall Undead Harvest, Dark Bargain, Drain Life


You were on level 4 of the Lair of Beasts.
You worshipped Yredelemnul.
Yredelemnul was noncommittal.
You visited 3 branches of the dungeon, and saw 14 of its levels.

You collected 771 gold pieces.
You spent 192 gold pieces at shops.

Inventory:

Hand Weapons
 t - a +0 glaive
 y - the +12 hand axe of Chagrin {vorpal, Will+ Str+4 Stlth+}
   (You found it on level 1 of the Lair of Beasts)

   It inflicts extra damage upon your enemies.
   Str:       It affects your strength (+4).
   Will:      It increases your willpower.
   Stlth:     It makes you more stealthy.
 C - a +4 trident (weapon)
Missiles
 d - a throwing net
 e - a javelin
 G - 25 poisoned darts (quivered)
Armour
 b - the +10 plate armour of Weightlessness {rElec rF+ Will+}
   (You found it on level 1 of the Lair of Beasts)

   rF:        It protects you from fire.
   rElec:     It insulates you from electricity.
   Will:      It increases your willpower.
 N - a +2 helmet (worn)
 Q - a +0 kite shield (worn)
 S - a +1 scale mail of fire resistance (worn)
Magical Staves
 f - a staff of air
Jewellery
 c - a +6 ring of dexterity (right hand)
 h - an amulet of reflection (around neck)
 i - a ring of poison resistance (left hand)
 m - an amulet of guardian spirit
Wands
 g - a wand of polymorph (5)
 v - a wand of light (12)
 w - a wand of roots (9)
 I - a wand of charming (21)
 K - a wand of mindburst (7)
 T - a wand of flame (10)
Scrolls
 j - a scroll of poison {unknown}
 k - 3 scrolls of teleportation
 l - a scroll of amnesia
 p - 4 scrolls of fog
 s - 3 scrolls of enchant weapon
 u - a scroll of brand weapon
 x - a scroll of fear
 D - 2 scrolls of blinking {unknown}
 E - 2 scrolls of enchant armour
 H - 2 scrolls of immolation
 M - a scroll of torment {unknown}
 P - 2 scrolls of vulnerability
 R - 2 scrolls of silence
Potions
 a - 5 potions of haste
 n - 6 potions of heal wounds
 o - 6 potions of curing
 q - 2 potions of might
 z - a potion of mutation
 A - 3 potions of cancellation
 B - a potion of brilliance
 F - a potion of magic {unknown}
 J - 3 potions of invisibility
 L - 2 potions of attraction {unknown}
 U - 2 potions of lignification {unknown}
 V - a potion of berserk rage {unknown}
Miscellaneous
 r - a condenser vane


   Skills:
 - Level 11.0 Fighting
 - Level 14.0 Polearms
 - Level 4.0 Throwing
 - Level 5.0 Armour
 * Level 11.7 Dodging
 - Level 2.0 Stealth
 - Level 6.0 Shields
 - Level 1.0 Spellcasting
 - Level 3.0 Transmutations
 - Level 1.0 Earth Magic
 - Level 4.0 Invocations
 - Level 4.0 Evocations


You had 11 spell levels left.
You knew the following spells:

 Your Spells              Type           Power      Damage    Failure   Level
a - Passwall              Tmut/Erth      2%         N/A       92%         2

Your spell library contained the following spells:

 Spells                   Type           Power      Damage    Failure   Level
 Sandblast                Erth           2%         2d4       92%         1
 Foxfire                  Conj/Fire      0%         2x1d4     98%         1
 Necrotise                Necr           0%         1d4       98%         1
 Conjure Flame            Conj/Fire      0%         6-21      100%        3
 Dazzling Flash           Conj/Hex       0%         N/A       100%        3
 Ignite Poison            Fire/Tmut/Pois 1%         N/A       100%        3
 Inner Flame              Hex/Fire       0%         N/A       100%        3
 Mephitic Cloud           Conj/Pois/Air  0%         N/A       100%        3
 Stone Arrow              Conj/Erth      2%         3d7       100%        3
 Vampiric Draining        Necr           0%         2d6       100%        3
 Flame Wave               Conj/Fire      0%         2d4       100%        4
 Fulminant Prism          Conj/Hex       0%         3d6       100%        4
 Iskenderun's Mystic Bla  Conj/Tloc      0%         2d3       100%        4
 Olgreb's Toxic Radiance  Pois           0%         N/A       100%        4
 Agony                    Necr           0%         N/A       100%        5
 Freezing Cloud           Conj/Ice/Air   0%         6-21      100%        5
 Lee's Rapid Deconstruct  Erth           0%         3d5*      100%        5
 Starburst                Conj/Fire      0%         6d3       100%        6
 Malign Gateway           Summ/Tloc      0%         N/A       100%        7
 Ozocubu's Refrigeration  Ice            0%         4d7       100%        7
 Ignition                 Fire           0%         3d3       100%        8
 Summon Horrible Things   Summ           0%         N/A       100%        8


Dungeon Overview and Level Annotations

Branches:
Dungeon (9/15)             Temple (1/1) D:5            Lair (4/5) D:9
  Swamp (0/4) Lair:2       Spider (0/4) Lair:2
  Slime: Lair:4-5       Orc: D:9-12

Altars:
Ashenzari
Cheibriados
Dithmenos
Elyvilon
Fedhas
Gozag
Hepliaklqana
Kikubaaqudgha
Makhleb
Nemelex Xobeh
Okawaru
Qazlal
Ru
Sif Muna
Trog
Uskayaw
Vehumet
Wu Jian
Xom
Yredelemnul
Zin
The Shining One

Shops:
D:3 (   D:6 *   D:8 !


Innate Abilities, Weirdness & Mutations

((You are very nimble when in or above water. (Stealth+, EV+, Speed+++)))
Your lower body shifts to a powerful aquatic tail in water.


Message History

The basilisk bites you.
* * * LOW HITPOINT WARNING * * *
The blink frog hits you but does no damage.
Your blink frog zombie barely misses the basilisk.
The blink frog hits you!
* * * LOW HITPOINT WARNING * * *
Your water moccasin zombie bites the basilisk but does no damage.
The blink frog hits you but does no damage.
The blink frog hits you!
* * * LOW HITPOINT WARNING * * *
The basilisk completely misses your water moccasin zombie.
Your blink frog zombie closely misses the basilisk.
Your blink frog zombie hits the blink frog!
Your water moccasin zombie bites the basilisk but does no damage.
The blink frog hits you!
* * * LOW HITPOINT WARNING * * *
The blink frog barely misses you.
Your blink frog zombie hits the basilisk.
The basilisk bites you!
* * * LOW HITPOINT WARNING * * *
Your blink frog zombie hits the blink frog!
Your water moccasin zombie bites the basilisk.
The blink frog hits you!
* * * LOW HITPOINT WARNING * * *
The blink frog blinks!
Your blink frog zombie hits the basilisk!
The basilisk gazes at your blink frog zombie.
Your blink frog zombie is moving more slowly.
Your water moccasin zombie bites the basilisk but does no damage.
The blink frog blinks!
Your yak zombie closely misses the basilisk.
Your blink frog zombie hits the basilisk.
The basilisk dies!
Your water moccasin zombie bites the blink frog.
Your blink frog zombie closely misses the blink frog.
Your blink frog zombie misses the blink frog.
Your yak zombie gores the blink frog!
The blink frog blinks!
The blink frog hits you!
You die...
Your body rises from the dead as a mindless zombie.

.........### #........
.........#.# ##.......
..........# #....P..
....#.....## #...#...
.....#.....# #.......
....###....###
#....#... ..#.
#.......# #........ .
...#.......# .........
#.....§Z@Z..# .......
...#..ZZFZ.......
....... ..
##..Z......... .......
. #............ .......
#............ ..$....
#...F......... ....#..
............... ..^....
.......................
............


You could see 2 blink frogs, a friendly water moccasin zombie, 2 friendly yak
zombies and 3 friendly blink frog zombies.

Vanquished Creatures
  A hydra (Lair:3)
  A two-headed ogre (D:8)
  3 elephants
  A black mamba (Lair:3)
  An orange demon (D:9)
  A cane toad (Lair:2)
  2 komodo dragons
  A meliai (Lair:2)
  7 blink frogs
  A dream sheep (Lair:3)
  10 yaks
  A wyvern (Lair:3)
  A shadow (D:9)
  A basilisk (Lair:3)
  Edmund (D:5)
  An acid dragon (D:8)
  7 water moccasins
  An orc warrior (D:8)
  An ice beast (D:8)
  A sky beast (D:7)
  2 ogres
  A centaur (D:7)
  2 kobold brigands
  5 bullfrogs
  4 necrophages
  4 scorpions
  10 wights
  7 killer bees
  A hound (D:7)
  2 orc priests (D:4)
  2 iguanas (D:5)
  7 orc wizards
  10 gnolls
  12 adders
  2 shadow imps
  A white imp (D:5)
  2 ufetubi
  5 worms
  5 dart slugs
  21 orcs
  5 ball pythons
  3 endoplasms
  3 goblins
  9 jackals
  6 quokkas
  5 bats
  3 frilled lizards
  17 kobolds
  4 rats
204 creatures vanquished.

Vanquished Creatures (collateral kills)
  A hydra (Lair:2)
  Amaemon (D:9)
  3 elephants (Lair:3)
  A torpor snail (Lair:3)
  2 cane toads
  2 hornets
  A dream sheep (Lair:3)
  7 blink frogs
  7 yaks
  A basilisk (Lair:4)
  A steam dragon (D:8)
  2 water moccasins
  An orc warrior (D:9)
  A centaur (D:8)
  5 bullfrogs
  A kobold brigand (D:8)
  2 killer bees (Lair:2)
  An orc priest (D:9)
  An orc wizard (D:9)
  An orc (D:8)
  3 kobolds (D:8)
45 creatures vanquished.

Vanquished Creatures (others)
  A cane toad (Lair:1)
  A hydra zombie (Lair:3)
  2 blink frog zombies (Lair:4)
  2 dream sheep zombies (Lair:3)
  2 elephant zombies (Lair:3)
  A centaur (D:8)
  A bullfrog (D:8)
  A wyvern zombie (Lair:3)
  3 water moccasin zombies
  5 yak zombies
  3 bullfrog zombies
  An orc wizard (D:9)
  A scorpion zombie (D:9)
  4 killer bee zombies
  A steam dragon zombie (D:8)
  A human zombie (D:5)
  A spectral shadow imp (D:6)
  A ball python zombie (D:6)
  2 jackal zombies (D:5)
  7 kobold zombies
  10 orc zombies
  A quokka zombie (D:4)
  A spectral ufetubus (D:7)
  27 fungi
  43 plants
123 creatures vanquished.

Grand Total: 372 creatures vanquished

Notes
Turn   | Place    | Note
-------+----------+-------------------------------------------
     0 | D:1      | Lutefisk the Merfolk Gladiator began the quest for the Orb.
     0 | D:1      | Reached XP level 1. HP: 16/16 MP: 1/1
   116 | D:1      | Reached XP level 2. HP: 23/23 MP: 2/2
   361 | D:2      | Reached XP level 3. HP: 29/29 MP: 3/3
   527 | D:2      | Reached skill level 5 in Polearms
   677 | D:3      | Noticed a necrophage
   681 | D:3      | Reached XP level 4. HP: 28/37 MP: 4/4
   936 | D:3      | Reached XP level 5. HP: 22/42 MP: 5/5
  1050 | D:3      | Found Yqezxan's Weapon Shop.
  1089 | D:3      | Reached skill level 6 in Polearms
  1107 | D:3      | Reached skill level 5 in Fighting
  1107 | D:3      | Reached skill level 1 in Stealth
  1289 | D:4      | Reached XP level 6. HP: 43/51 MP: 6/6
  1312 | D:5      | Entered Level 5 of the Dungeon
  1712 | D:5      | Found a staircase to the Ecumenical Temple.
  1731 | D:5      | Reached skill level 1 in Armour
  1731 | D:5      | Reached skill level 1 in Evocations
  1759 | Temple   | Entered the Ecumenical Temple
  1786 | Temple   | Became a worshipper of Yredelemnul the Dark
  1851 | D:4      | Reached skill level 1 in Invocations
  1851 | D:4      | Reached XP level 7. HP: 20/58 MP: 6/8
  2140 | D:5      | Noticed Edmund
  2311 | D:6      | Reached skill level 7 in Polearms
  2351 | D:6      | Found Nestot's Serpentskin Sales.
  2353 | D:6      | Reached * piety under Yredelemnul
  2431 | D:6      | Reached skill level 8 in Polearms
  2602 | D:7      | Reached skill level 5 in Dodging
  2602 | D:7      | Reached XP level 8. HP: 64/64 MP: 9/9
  2998 | D:7      | Noticed a two-headed ogre
  3151 | D:5      | Killed Edmund
  3189 | D:5      | Your ally Edmund died
  3266 | D:5      | Found a shimmering blue altar of Sif Muna.
  3281 | D:5      | Found an ancient bone altar of Kikubaaqudgha.
  3292 | D:5      | Found a radiant altar of Vehumet.
  3380 | D:5      | Identified the +6 broad axe of the Bruised Souls {vamp,
                  | *Slow Will- MP+9 Int+4 Dex+4}
  3418 | D:5      | Reached XP level 9. HP: 59/74 MP: 11/11
  3683 | D:8      | Reached skill level 9 in Polearms
  3748 | D:8      | Reached ** piety under Yredelemnul
  3867 | D:8      | Noticed a hornet
  3880 | D:8      | Killed a hornet
  3881 | D:8      | Reached skill level 10 in Polearms
  3889 | D:8      | Found Heschusk's Distillery.
  3894 | D:8      | Bought a potion of curing for 36 gold pieces
  3894 | D:8      | Bought a potion of heal wounds for 60 gold pieces
  3894 | D:8      | Bought a potion of curing for 36 gold pieces
  3894 | D:8      | Bought a potion of heal wounds for 60 gold pieces
  3953 | D:8      | Reached skill level 1 in Shields
  4118 | D:8      | Reached XP level 10. HP: 70/80 MP: 12/12
  4138 | D:8      | Noticed a two-headed ogre
  4159 | D:8      | Killed a two-headed ogre
  4160 | D:8      | Reached skill level 5 in Shields
  4215 | D:9      | Noticed an orange demon
  4237 | D:9      | Killed an orange demon
  4375 | D:9      | Reached skill level 10 in Fighting
  4466 | D:9      | Identified the +9 war axe "Haxufo" {pain, *Corrode rPois
                  | rC+}
  4518 | D:9      | Found a staircase to the Lair.
  4569 | D:9      | Noticed Amaemon
  4580 | D:9      | Killed Amaemon
  4597 | D:9      | Found a shimmering altar of Xom.
  4602 | D:9      | Found a broken altar of Ashenzari.
  4606 | D:9      | Found a bloodstained altar of Trog.
  4610 | D:9      | Found a sacrificial altar of Ru.
  4616 | D:9      | Found a shadowy altar of Dithmenos.
  4703 | Lair:1   | Entered Level 1 of the Lair of Beasts
  4720 | Lair:1   | Identified the +10 plate armour of Weightlessness {rElec
                  | rF+ Will+}
  4727 | Lair:1   | Identified the +12 hand axe of Chagrin {vorpal, Will+ Str+4
                  | Stlth+}
  4732 | Lair:1   | Noticed a cane toad
  4732 | Lair:1   | Noticed a cane toad
  4747 | Lair:1   | Killed a cane toad
  4805 | Lair:1   | Noticed a seven-headed hydra
  4914 | Lair:2   | Noticed a cane toad
  4933 | Lair:1   | Reached XP level 11. HP: 84/90 MP: 14/14
  5255 | Lair:2   | Learned a level 2 spell: Passwall
  5296 | Lair:2   | Reached skill level 1 in Transmutations
  5327 | Lair:2   | Found a staircase to the Swamp.
  5361 | Lair:2   | Found a hole to the Spider Nest.
  5396 | Lair:2   | Noticed a seven-headed hydra
  5402 | Lair:2   | Killed a seven-headed hydra
  5403 | Lair:2   | Reached *** piety under Yredelemnul
  5403 | Lair:2   | Reached skill level 10 in Dodging
  5403 | Lair:2   | Reached skill level 1 in Spellcasting
  5450 | Lair:2   | Reached **** piety under Yredelemnul
  5466 | Lair:2   | Reached skill level 1 in Earth Magic
  5476 | Lair:2   | Reached ***** piety under Yredelemnul
  5881 | Lair:3   | Reached skill level 5 in Armour
  5971 | Lair:3   | Reached skill level 11 in Polearms
  5977 | Lair:3   | Noticed a four-headed hydra
  5987 | Lair:3   | Killed a four-headed hydra
  6035 | Lair:3   | Reached skill level 12 in Polearms
  6125 | Lair:3   | Reached skill level 13 in Polearms
  6125 | Lair:3   | Reached XP level 12. HP: 41/97 MP: 15/15
  6165 | Lair:3   | Reached skill level 14 in Polearms
  6195 | Lair:3   | Noticed a catoblepas
  6659 | Lair:4   | HP: 1/100 [blink frog (7)]
  6662 | Lair:4   | Slain by a blink frog

Illustrated notes

Levels and vault maps discovered:
D:1:      psy_arrival_terrarium, layout_loops_ring,
          hellmonk_ecumenical_altar_leap_of_faith, kennysheep_boxes
D:2:      layout_basic
D:3:      layout_loops_ring, serial_shops, nicolae_shop_stone,
          nicolae_grassy_gnolls
D:4:      layout_loops_corners
D:5:      layout_cave_pools, palyth_temple_overflow_mages, temple_pool_b,
          st_stairs_7, grunt_decor_mini_mirrors, uniq_edmund
D:6:      layout_cave_pods, guppyfry_shop_venom
D:7:      layout_basic
D:8:      layout_basic, serial_shops, kennysheep_little_box
D:9:      layout_basic, nicolae_overflow_hallway_of_the_gods,
          grunt_lair_entry_orc_guard_hut, minmay_crystal_water, uniq_amaemon
Temple:   nicolae_temple_ecumenical_triangle
Lair:1:   layout_roguey, st_stairs_7, columned_hall_lemuel
Lair:2:   layout_loops_ring, minmay_swamp_entry_eels,
          hellmonk_spider_entry_not_the_bees, nicolae_quartered_pool_impasse
Lair:3:   layout_concentric_octagons, lemuel_fruit_tree
Lair:4:   layout_gridlike, nicolae_volcano_entry_s_turn, grunt_megastairs_2

Skill      XL: |  1  2  3  4  5  6  7  8  9 10 11 12 |
---------------+-------------------------------------+-----
Fighting       | 3 4 5 6 7 8 10 11 | 11.0
Polearms       | 5 6 8 10 13 14 | 14.0
Stealth        | 1 2 |  2.0
Armour         | 1 2 3 5 |  5.0
Evocations     | 2 3 4 |  4.0
Invocations    | 1 2 3 4 |  4.0
Dodging        | 5 6 8 10 11 | 11.7
Throwing       | 3 4 |  4.0
Shields        | 4 6 |  6.0
Transmutations | 3 |  3.0
Spellcasting   | 1 |  1.0
Earth Magic    | 1 |  1.0

Action                   |  1- 3 |  4- 6 |  7- 9 | 10-12 || total
-------------------------+-------+-------+-------+-------++-------
Melee: Trident           |   103 |   211 |   300 |   400 ||  1014
       Punch             |       |       |     8 |       ||     8
Throw: Throwing net      |       |     2 |     3 |       ||     5
       Dart              |       |       |     6 |    10 ||    16
Evoke: Wand              |       |     3 |     3 |     5 ||    11
  Use: Potion            |       |     3 |       |     1 ||     4
       Scroll            |       |       |       |    18 ||    18
 Stab: Sleeping          |       |     3 |     6 |     1 ||    10
       Held in net/web   |       |     1 |       |       ||     1
       Distracted        |       |       |     3 |     7 ||    10
       Petrified         |       |       |       |     9 ||     9
Armor: Leather armour    |    21 |    21 |     2 |       ||    44
       Ring mail         |       |       |    37 |     8 ||    45
       Scale mail        |       |       |       |    43 ||    43
Dodge: Dodged            |    44 |    71 |   133 |    97 ||   345
Block: Other             |    15 |    24 |    54 |       ||    93
       Reflection        |       |     1 |     5 |       ||     6
       Kite shield       |       |       |     6 |   270 ||   276
